 Dungeon Crawl Stone Soup version 0.31-a0-1616-gbeaec30b81 (webtiles) character file.

Game seed: 4939016031909986688

2268 LeprechaunX the Changeling (level 9, 0/60 (61) HPs)
             Began as an Octopode Shapeshifter on Jan 10, 2024.
             Was a Follower of Ashenzari.
             Shot with a bolt by an orc (9 damage)
             ... in a bailey.
             The game lasted 00:13:44 (6407 turns).

LeprechaunX the Changeling (Octopode Shapeshifter)  Turns: 6407, Time: 00:13:44

HP:   0/60 (61)     AC:  1    Str: 15    XL:     9   Next: 38%
MP:   11/11         EV: 12    Int: 12    God:    Ashenzari [*.....]
Gold: 354           SH: 10    Dex: 14    Spells: 8/10 levels left

rFire   . .          .
                       - Unarmed
rCold   . . .        C - +2 kite shield "Omniscient Lethargy" {Dev, Sorc} (curse)
rNeg    . . .        (helmet currently unavailable)
rPois   .            (no amulet)
rElec   .            q - ring "Gaze Upon Infinity" {Wiz, Fort, Melee} (curse)
rCorr   .            (no ring)
SInv    .            (no ring)
Will    .....        (no ring)
Stlth   +++          (no ring)
HPRegen 0.30/turn    (no ring)
MPRegen 0.12/turn    (no ring)
                     (no ring)

%: wizardry (x1)
@: beast-form, lightly drained
A: beast (slay +4), almost no armour, amphibious, 8 rings, camouflage 1,
gelatinous body 1, nimble swimmer 1, tentacles
a: Begin Untransformation, Renounce Religion, Curse Item, Shatter the Chains


You were in a bailey.
You worshipped Ashenzari.
Ashenzari was aware of your devotion.
You were a hulking beast.
You visited 2 branches of the dungeon, and saw 9 of its levels.
You also visited: Bailey.

You collected 354 gold pieces.

Inventory:

Hand Weapons
 a - a +0 sling
Missiles
 d - 4 boomerangs (quivered)
 k - 5 javelins
 y - 6 atropa-tipped darts
Armour
 C - the cursed +2 kite shield "Omniscient Lethargy" (worn) {Dev, Sorc}
   (You took it off a gnoll sergeant on level 6 of the Dungeon)

   It has a curse which improves the following skills: Devices: Evocations and
   Shapeshifting.
   Sorcery:   Conjurations and Alchemy.
Jewellery
 q - the cursed ring "Gaze Upon Infinity" (left tentacle) {Wiz, Fort, Melee}
   (You found it on level 3 of the Dungeon)

   [ring of wizardry]

   Wiz:       It improves your spell success rate.
   It has a curse which improves the following skills: Fortitude: Shields.
   Melee Combat: Short Blades, Long Blades, Axes, Maces & Flails, Polearms,
   Staves and Unarmed Combat.
 w - a ring of ice
Talismans
 b - a beast talisman
 c - a flux talisman
 j - a talisman of death
 A - a serpent talisman
Scrolls
 f - 2 scrolls of revelation
 g - 5 scrolls of teleportation
 i - 2 scrolls of noise
 l - 2 scrolls of fear
 m - a scroll of silence
 p - a scroll of enchant weapon
 t - 2 scrolls of amnesia
 u - 3 scrolls of immolation
 x - a scroll of blinking
 B - a scroll of summoning
 D - 2 scrolls of identify
 E - a scroll of vulnerability
Potions
 e - 3 potions of heal wounds
 h - 2 potions of attraction
 n - 2 potions of lignification
 o - a potion of might
 r - 2 potions of brilliance
 s - 3 potions of degeneration
 v - a potion of mutation
 z - 2 potions of curing


   Skills:
 + Level 5.4 Fighting
 - Level 3.0 Throwing
 - Level 4.0 Dodging
 + Level 1.3(1.9) Shields
 + Level 6.0(6.8) Unarmed Combat
 + Level 1.3 Spellcasting
 + Level 1.6 Translocations
 * Level 7.6(8.4) Shapeshifting


You had 8 spell levels left.
You knew the following spells:

 Your Spells              Type           Power      Damage    Failure   Level
a - Blink                 Tloc           8%         N/A       28%         2

Your spell library contained the following spells:

 Spells                   Type           Power      Damage    Failure   Level
 Lesser Beckoning         Tloc           8%         N/A       28%         2
 Summon Small Mammal      Summ           0%         N/A       34%         1
 Momentum Strike          Conj/Tloc      4%         3d8       38%         2
 Mercury Vapours          Alch/Air       0%         N/A       47%         2
 Call Canine Familiar     Summ           0%         N/A       71%         3
 Mephitic Cloud           Conj/Alch/Air  0%         N/A       71%         3
 Summon Blazeheart Golem  Fire/Summ      0%         N/A       97%         4
 Freezing Cloud           Conj/Ice/Air   0%         6-21      100%        5


Dungeon Overview and Level Annotations

Branches:
Dungeon (8/15)             Temple (1/1) D:4          Bailey (1/1)
   Lair: D:8-11

Altars:
Ashenzari
Cheibriados
Elyvilon
Fedhas
Gozag
Kikubaaqudgha
Makhleb
Nemelex Xobeh
Qazlal
Sif Muna
Trog
Vehumet
Wu Jian
Yredelemnul
Zin

Shops:
D:6 *   D:7 *

Annotations:
D:7 1 runed translucent door


Innate Abilities, Weirdness & Mutations

You are a hulking beast.
Your limbs bulge with bestial killing power. (Slay +4)
You cannot wear most types of armour.
You are amphibious.
You can wear up to eight rings at the same time.
Your skin changes colour to match your surroundings (Stealth+).
Your rubbery body absorbs attacks. (AC +1, EV +1)
You are camouflaged when in or above water. (Stealth+)
You have tentacles for arms and can constrict up to eight enemies at once.


Message History

You closely miss the bullfrog. Your grab misses the bullfrog.
Your tentacle-slap misses the bullfrog.
The bullfrog is lightly wounded.
You block the bullfrog's attack.
You bludgeon the bullfrog! You grab the bullfrog.
The bullfrog is heavily wounded.
You constrict the bullfrog. You block the bullfrog's attack.
The bullfrog hits you!
You bludgeon the bullfrog!
You kill the bullfrog!
There is a flagged portal here.
The world spins around you as you enter the gateway.
You enter a bailey!
Found a gate leading back out of this place.
There is an empty arch of ancient stone here.
You start resting.
Magic restored.
An orc and an orc warrior come into view.
The orc shouts!
You hear a shout!
Found a gate leading back out of this place.
An orc comes into view.
It is wielding a +0 arbalest. 2 orcs come into view.
The orc moves out of view.
The orc warrior shoots a bolt.
The bolt closely misses you.
The orc shoots a bolt.
You block the bolt.
The orc warrior shoots a bolt.
The bolt hits you!
The orc warrior shoots a bolt.
The bolt closely misses you.
The orc shoots a bolt.
You block the bolt.
The orc warrior shoots a bolt.
You block the bolt.
The orc warrior shoots a bolt.
You block the bolt.
You enter the deep water.
The orc warrior shoots a bolt.
The bolt hits you!
You hear a shout!
The orc warrior shoots a bolt.
The bolt hits you!!
* * * LOW HITPOINT WARNING * * *
The orc shoots a bolt.
The bolt closely misses you.
The orc shoots a bolt.
You block the bolt.
The orc warrior shoots a bolt.
The bolt barely misses you.
The orc shoots a bolt.
You block the bolt.
The orc shoots a bolt.
The bolt hits you!
You die...

################
#∩..............
#.∩.............
#.........o.....
#.........o.....
#......≈≈≈≈≈....
#.....≈≈###≈≈...
#.....≈##.##≈...
#.....h#........
#.....≈##.∩#≈..
#.....≈≈ ##
#......≈≈
#.......oo
#..........
#...........
#............


You could see 3 orcs.

Vanquished Creatures
  Sigmund (D:2)
  A steam dragon (D:7)
  Menkaure (D:5)
  Duvessa (D:4)
  A water moccasin (D:6)
  2 ogres
  A gnoll sergeant (D:6)
  2 bullfrogs
  4 scorpions
  4 wights (D:7)
  Dowan (D:4)
  A howler monkey (D:4)
  2 bombardier beetles
  A hound (D:4)
  4 jellies
  A gnoll bouda (D:6)
  A human skeleton (D:7)
  An orc priest (D:5)
  3 sleepcaps
  3 orc wizards
  An iguana (D:7)
  9 gnolls
  9 adders
  A shadow imp (D:7)
  2 white imps
  A dart slug (D:3)
  A ribbon worm (D:2)
  12 orcs
  7 ball pythons
  5 bats
  4 endoplasms
  4 giant cockroaches
  4 goblins
  9 hobgoblins
  2 jackals (D:3)
  7 kobolds
  2 quokkas
  A frilled lizard (D:2)
  7 rats
124 creatures vanquished.

Vanquished Creatures (others)
  A butterfly (D:3)
1 creature vanquished.

Grand Total: 125 creatures vanquished

Notes
Turn   | Place    | Note
-------+----------+-------------------------------------------
     0 | D:1      | LeprechaunX the Octopode Shapeshifter began the quest for
                  | the Orb.
     0 | D:1      | Reached XP level 1. HP: 13/13 MP: 1/1
    19 | D:1      | Found a faded altar of an unknown god.
   281 | D:1      | Reached XP level 2. HP: 18/18 MP: 2/2
   827 | D:2      | Reached XP level 3. HP: 23/23 MP: 3/3
  1126 | D:2      | Noticed Sigmund
  1176 | D:2      | Killed Sigmund
  1177 | D:2      | Reached skill level 1 in Throwing
  1177 | D:2      | Reached skill level 4 in Shapeshifting
  1177 | D:2      | Reached XP level 4. HP: 27/30 MP: 4/4
  1177 | D:2      | Reached XP level 5. HP: 32/35 MP: 5/5
  1525 | D:3      | Reached XP level 6. HP: 36/41 MP: 6/6
  1741 | D:3      | Found a white marble altar of Elyvilon.
  2574 | D:4      | Found a snail-covered altar of Cheibriados.
  2667 | D:4      | Found a staircase to the Ecumenical Temple.
  2679 | D:4      | Reached XP level 7. HP: 45/45 MP: 7/7
  2684 | Temple   | Entered the Ecumenical Temple
  2692 | Temple   | Became a worshipper of Ashenzari the Shackled
  2745 | D:4      | Found a bloodstained altar of Trog.
  2788 | D:4      | Noticed Duvessa
  2790 | D:4      | Noticed Dowan
  2813 | D:4      | Killed Duvessa
  2814 | D:4      | Reached skill level 5 in Shapeshifting
  2824 | D:4      | Killed Dowan
  3249 | D:5      | Entered Level 5 of the Dungeon
  3291 | D:4      | Reached XP level 8. HP: 13/54 MP: 8/8
  3577 | D:5      | Found a sparkling altar of Nemelex Xobeh.
  3675 | D:5      | Noticed Menkaure
  3681 | D:5      | Killed Menkaure
  3682 | D:5      | Reached skill level 5 in Unarmed Combat
  3682 | D:5      | Reached skill level 6 in Shapeshifting
  5063 | D:6      | Found Xaxiviul's Serpentskin Sales.
  5071 | D:6      | Reached skill level 5 in Fighting
  5071 | D:6      | Reached skill level 7 in Shapeshifting
  5131 | D:6      | Reached XP level 9. HP: 14/61 MP: 9/9
  5296 | D:6      | Learned a level 2 spell: Blink
  5355 | D:7      | Found a burning altar of Makhleb.
  5647 | D:7      | Reached * piety under Ashenzari
  5648 | D:7      | Found a runed translucent door.
  5653 | D:7      | Found a basalt altar of Yredelemnul.
  5693 | D:7      | Reached skill level 1 in Translocations
  5720 | D:7      | Reached skill level 1 in Spellcasting
  5870 | D:7      | Identified the +7 falchion "Zogen" {venom, Will- Str+3}
  5883 | D:7      | Reached skill level 1 in Shields
  6147 | D:7      | Found Plog's Fire Supplies.
  6327 | D:7      | Found a shimmering blue altar of Sif Muna.
  6367 | D:8      | Found a flagged portal.
  6384 | Bailey   | Entered a bailey
  6407 | Bailey   | Shot with a bolt by an orc

Illustrated notes

Levels and vault maps discovered:
D:1:      wander_arrival_fairy_ring, layout_basic,
          dreamdust_ecumenical_altar_grove
D:2:      layout_loops_cross, uniq_sigmund
D:3:      layout_basic, nicolae_elyvilon_peaceful_grove,
          kennysheep_generic_room_14
D:4:      cheibrodos_helix_gallery, layout_basic, trog_hazing_becter,
          mainiacjoe_overflow_boulevard, minmay_temple_entry_junction_2,
          serial_curves, eino_curves_03, eino_curves_04, uniq_duvessa
D:5:      layout_rooms, nemelex_xobeh_ov_fountains_minmay,
          corexii_item_surrounded_by_moat, bh_walls_and_bars, uniq_menkaure
D:6:      layout_basic, serial_park_tiny_2, guppyfry_shop_venom
D:7:      layout_rooms, dk_yredelemnul_ordeal, led_sif_pool,
          mainiacjoe_overflow_cross_hatched, moated_statue,
          nicolae_shop_fire_sale [nicolae_sub_dead_trees], nicolae_grassy_gnolls
D:8:      layout_cave_pools, tso_altar, kennysheep_mini_moat,
          due_lair_maze_entry_diamond, enter_bailey_2,
          gammafunk_ghost_stat_death, grunt_ministairs_5, nrook_loot_triangle,
          uniq_erica
Temple:   nicolae_temple_colour_theory
Bailey:   bailey_polearm_2, bailey

Skill      XL: |  1  2  3  4  5  6  7  8  9 |
---------------+----------------------------+-----
Fighting       | 2 3 5 |  5.4
Throwing       | 1 2 3 |  3.0
Shapeshifting  | 4 5 7 |  7.6
Dodging        | 3 4 |  4.0
Unarmed Combat | 4 5 6 |  6.0
Translocations | 1 |  1.6
Spellcasting   | 1 |  1.3
Shields        | 1 |  1.3

Action                     |  1- 3 |  4- 6 |  7- 9 || total
---------------------------+-------+-------+-------++-------
  Melee: Unarmed           |    47 |    88 |   156 ||   291
         Tentacles         |     9 |    13 |    35 ||    57
         Constrict         |    12 |    22 |    39 ||    73
         Punch             |       |     2 |    11 ||    13
  Throw: Javelin           |     3 |       |     2 ||     5
         Boomerang         |       |     6 |    43 ||    49
 Invoke: Curse Item        |       |       |     2 ||     2
    Use: Potion            |       |       |     1 ||     1
   Stab: Sleeping          |     2 |     5 |     4 ||    11
         Distracted        |       |       |     1 ||     1
 Armour: Skin              |    10 |    27 |    82 ||   119
  Dodge: Dodged            |    31 |    62 |    80 ||   173
  Block: Kite shield       |       |       |    23 ||    23

Table legend: (Time is in decaauts)
 A = Elapsed time spent in this place.
 B = Non-inter-level travel time spent in this place.
 C = Inter-level travel time spent in this place.
 D = Time resting spent in this place.
 E = Time spent auto-exploring this place.
 F = Levels seen in this place.
 G = Mean time per level.
                   A        B        C        D        E       F      G
               +--------+--------+--------+--------+--------+-----+--------+
         Total |   6399 |   6078 |    321 |    606 |   4496 |  10 |  639.9 |
       Dungeon |   6360 |   6053 |    307 |    602 |   4496 |   8 |  795.0 |
        Temple |     16 |      2 |     14 |      0 |      0 |   1 |   16.0 |
        Bailey |     22 |     22 |      0 |      4 |      0 |   1 |   22.0 |
               +--------+--------+--------+--------+--------+-----+--------+

Top non-repeatable levels by time:
     D:4: 1192 daAuts
     D:6: 1175 daAuts
     D:7: 1001 daAuts
     D:2: 804 daAuts
     D:3: 763 daAuts
     D:5: 724 daAuts
     D:1: 682 daAuts
  Bailey: 22 daAuts
  Temple: 16 daAuts
     D:8: 16 daAuts
